 Dungeon Crawl Stone Soup version 0.21.1-1-g345015fe64 (webtiles) character file.

153 Ivernyr the Vexing (level 5, 0/40 HPs)
             Began as a Gnoll Arcane Marksman on Mar 24, 2018.
             Slain by an ogre
             ... wielding a +0 giant club
              (23 damage)
             ... on level 2 of the Dungeon.
             The game lasted 00:10:16 (2326 turns).

Ivernyr the Vexing (Gnoll Arcane Marksman)          Turns: 2326, Time: 00:10:16

Health: 0/40       AC:  8    Str: 13    XL:     5   Next: 35%
Magic:  8/8        EV: 15    Int: 15    God:
Gold:   146        SH:  4    Dex: 16    Spells: 2/10 levels left

rFire    . . .     SeeInvis .   a - +0 whip (curse)
rCold    + . .     Gourm    .   (no shield)
rNeg     . . .     Faith    .   g - +0 robe
rPois    .         Spirit   .   (no helmet)
rElec    .         Reflect  .   r - +2 cloak
rCorr    .         Harm     .   (no gloves)
MR       +....                  h - +0 pair of boots
Stlth    ++........             j - amulet of rage
HPRegen  0.53/turn              n - ring of wizardry
MPRegen  0.11/turn              (no ring)

@: no status effects
A: distributed training, fangs 1, icy blue scales 1, large bone plates 1, cold
resistance 1, low mp 1, magic resistance 1, regeneration 1, strong nose
a: Evoke Berserk Rage


You were on level 2 of the Dungeon.
You were not hungry.

You visited 1 branch of the dungeon, and saw 3 of its levels.

You collected 146 gold pieces.

Inventory:

Hand Weapons
 a - a cursed +0 whip (weapon)
Missiles
 c - 5 javelins (quivered)
 d - 2 throwing nets
Armour
 g - a +0 robe (worn)
 h - a +0 pair of boots (worn)
 r - a +2 cloak (worn)
Jewellery
 j - an amulet of rage (around neck)
 n - a ring of wizardry (left hand)
Scrolls
 e - 3 scrolls of identify {unknown}
 i - 2 scrolls of remove curse {unknown}
 k - a scroll of magic mapping {unknown}
 o - 2 scrolls of amnesia {unknown}
 p - 2 scrolls of blinking {unknown}
 u - a scroll of teleportation {unknown}
Potions
 l - a potion of curing
 m - a potion of heal wounds {unknown}
 q - a potion of cancellation {unknown}
 t - a potion of might {unknown}
Books
 b - a book of Debilitation

   Spells                             Type                      Level
   a - Corona                         Hexes                        1
   b - Slow                           Hexes                        2
   c - Inner Flame                    Hexes/Fire                   3
   d - Portal Projectile              Hexes/Translocation          3
   e - Cause Fear                     Hexes                        4
   f - Leda's Liquefaction            Hexes/Earth                  4
Comestibles
 f - 5 rations


   Skills:
 + Level 2.9 Fighting
 + Level 1.4 Short Blades
 + Level 1.4 Long Blades
 + Level 1.4 Axes
 + Level 1.4 Maces & Flails
 + Level 1.4 Polearms
 + Level 1.4 Staves
 + Level 1.4 Slings
 + Level 1.4 Bows
 + Level 1.4 Crossbows
 + Level 4.7 Throwing
 + Level 1.4 Armour
 + Level 4.7 Dodging
 + Level 1.4 Stealth
 + Level 1.4 Shields
 + Level 1.4 Unarmed Combat
 + Level 3.1 Spellcasting
 + Level 1.1 Conjurations
 + Level 5.5 Hexes
 + Level 1.1 Charms
 + Level 1.1 Summonings
 + Level 1.1 Necromancy
 + Level 1.1 Translocations
 + Level 1.1 Transmutations
 + Level 1.1 Fire Magic
 + Level 1.1 Ice Magic
 + Level 1.1 Air Magic
 + Level 1.1 Earth Magic
 + Level 1.1 Poison Magic
 + Level 1.6 Invocations
 + Level 1.4 Evocations


You had 2 spell levels left.
You knew the following spells:

 Your Spells              Type           Power        Failure   Level  Hunger
a - Corona                Hex            ###....      1%          1    #......
b - Portal Projectile     Hex/Tloc       ##....       6%          3    ###....
c - Cause Fear            Hex            ###.......   9%          4    #####..


Dungeon Overview and Level Annotations

Branches:
Dungeon (3/15)

Altars:
Ashenzari
Makhleb

Annotations:
D:3 2 transporters


Innate Abilities, Weirdness & Mutations

Your experience applies equally to all skills.
You have very sharp teeth.
Your uncanny sense of smell can sniff out nearby items.
You are partially covered in icy blue scales. (AC +2)
You are partially covered in large bone plates. (SH +4)
Your flesh is cold resistant. (rC+)
Your magical capacity is low. (-10% MP)
You are resistant to hostile enchantments. (MR+)
Your natural rate of healing is unusually fast.


Message History

You hit the ogre. You bite the ogre.
The ogre is lightly wounded.
The ogre hits you but does no damage.
You hit the ogre.
The ogre is lightly wounded.
The ogre closely misses you.
You hit the ogre.
The ogre is moderately wounded.
The ogre closely misses you.
You hit the ogre. You bite the ogre, but do no damage.
The ogre is heavily wounded.
The ogre stops glowing.
You hit the ogre.
The ogre is heavily wounded.
The ogre hits you with a giant club!
You hit the ogre.
The ogre is heavily wounded.
The ogre hits you with a giant club!!
Ouch! That really hurt!
You die...

........(..# ##############
...........# ##.....##..<..##
..........<# ##..............##
...^.......# #................#
......<...)# #................#
..........## #................#
.s##.....## #................#
#.##############................#
..######......sO@...............#
.........########..............##
.#..###### ##.....#†.....## .##.#
#######)###### ..#.## #.#
.....######### ##.#
###..........# #..# #..>######.##
#†## #.#.######..#### #.#


You could see an ogre and a giant cockroach.

Vanquished Creatures
  A crimson imp (D:2)
  Crazy Yiuf (D:2)
  Jessica (D:2)
  2 adders
  2 worms (D:2)
  4 bats
  A giant cockroach (D:2)
  4 goblins
  4 hobgoblins
  7 jackals
  A quokka (D:2)
  2 ball pythons
  7 frilled lizards
  3 kobolds (D:2)
  3 rats
43 creatures vanquished.

Notes
Turn   | Place    | Note
-------+----------+-------------------------------------------
     0 | D:1      | Ivernyr the Gnoll Arcane Marksman began the quest for the Orb.
     0 | D:1      | Reached XP level 1. HP: 17/17 MP: 4/4
   159 | D:1      | Reached XP level 2. HP: 14/23 MP: 5/5
  1174 | D:1      | Reached XP level 3. HP: 7/28 MP: 5/7
  1182 | D:1      | HP: 1/28 [poisoned by an adder]
  1183 | D:1      | Gained mutation: Your body sometimes deteriorates upon taking damage. [potion of mutation]
  1183 | D:1      | Gained mutation: You are partially covered in large bone plates. (SH +4) [potion of mutation]
  1183 | D:1      | Gained mutation: Your natural rate of healing is unusually fast. [potion of mutation]
  1363 | D:2      | Reached skill level 1 in Invocations
  1434 | D:2      | Found a runed door.
  1438 | D:2      | Noticed Crazy Yiuf
  1450 | D:2      | Killed Crazy Yiuf
  1450 | D:2      | Reached skill level 1 in Short Blades
  1450 | D:2      | Reached skill level 1 in Long Blades
  1450 | D:2      | Reached skill level 1 in Axes
  1450 | D:2      | Reached skill level 1 in Maces & Flails
  1450 | D:2      | Reached skill level 1 in Polearms
  1450 | D:2      | Reached skill level 1 in Staves
  1450 | D:2      | Reached skill level 1 in Slings
  1450 | D:2      | Reached skill level 1 in Bows
  1450 | D:2      | Reached skill level 1 in Crossbows
  1450 | D:2      | Reached skill level 1 in Armour
  1450 | D:2      | Reached skill level 1 in Stealth
  1450 | D:2      | Reached skill level 1 in Shields
  1450 | D:2      | Reached skill level 1 in Unarmed Combat
  1450 | D:2      | Reached skill level 1 in Evocations
  1450 | D:2      | Reached XP level 4. HP: 7/34 MP: 1/8
  1564 | D:2      | Lost mutation: Your body sometimes deteriorates upon taking damage. [potion of mutation]
  1564 | D:2      | Gained mutation: Your magical capacity is low. (-10% MP) [potion of mutation]
  1564 | D:2      | Gained mutation: Your flesh is cold resistant. (rC+) [potion of mutation]
  1564 | D:2      | Gained mutation: You are resistant to hostile enchantments. (MR+) [potion of mutation]
  1564 | D:2      | Gained mutation: You are partially covered in icy blue scales. (AC +2) [potion of mutation]
  1585 | D:2      | Noticed Jessica
  1614 | D:2      | Killed Jessica
  1614 | D:2      | Reached skill level 1 in Conjurations
  1614 | D:2      | Reached skill level 1 in Charms
  1614 | D:2      | Reached skill level 1 in Summonings
  1614 | D:2      | Reached skill level 1 in Necromancy
  1614 | D:2      | Reached skill level 1 in Translocations
  1614 | D:2      | Reached skill level 1 in Transmutations
  1614 | D:2      | Reached skill level 1 in Fire Magic
  1614 | D:2      | Reached skill level 1 in Ice Magic
  1614 | D:2      | Reached skill level 1 in Air Magic
  1614 | D:2      | Reached skill level 1 in Earth Magic
  1614 | D:2      | Reached skill level 1 in Poison Magic
  1691 | D:2      | Learned a level 3 spell: Portal Projectile
  1696 | D:2      | Learned a level 4 spell: Cause Fear
  1773 | D:2      | Reached XP level 5. HP: 40/40 MP: 6/8
  1920 | D:2      | Found a burning altar of Makhleb.
  2181 | D:3      | Found a shattered altar of Ashenzari.
  2182 | D:3      | Found a transporter.
  2190 | D:3      | Found a transporter.
  2211 | D:3      | Noticed an ogre
  2326 | D:2      | Slain by an ogre

Skill      XL: |  1  2  3  4 |
---------------+-------------+-----
Invocations    | 1 |  1.6
Short Blades   | 1 |  1.4
Long Blades    | 1 |  1.4
Axes           | 1 |  1.4
Maces & Flails | 1 |  1.4
Polearms       | 1 |  1.4
Staves         | 1 |  1.4
Slings         | 1 |  1.4
Bows           | 1 |  1.4
Crossbows      | 1 |  1.4
Armour         | 1 |  1.4
Stealth        | 1 |  1.4
Shields        | 1 |  1.4
Unarmed Combat | 1 |  1.4
Evocations     | 1 |  1.4
Spellcasting   | 3 |  3.1
Conjurations   | 1 |  1.1
Charms         | 1 |  1.1
Summonings     | 1 |  1.1
Necromancy     | 1 |  1.1
Translocations | 1 |  1.1
Transmutations | 1 |  1.1
Fire Magic     | 1 |  1.1
Ice Magic      | 1 |  1.1
Air Magic      | 1 |  1.1
Earth Magic    | 1 |  1.1
Poison Magic   | 1 |  1.1
Fighting       | |  2.9
Throwing       | |  4.7
Dodging        | |  4.7
Hexes          | |  5.5

Action                   |  1- 3 |  4- 6 || total
-------------------------+-------+-------++-------
Melee: Whip              |   112 |   147 ||   259
       Unarmed           |    10 |       ||    10
       Bite              |    11 |    20 ||    31
 Cast: Corona            |     6 |    26 ||    32
  Use: Potion            |     1 |     1 ||     2
  Eat: Chunk             |     1 |     4 ||     5
Armor: Robe              |    35 |    41 ||    76
Dodge: Dodged            |    98 |    85 ||   183
Block: Other             |     2 |    23 ||    25
